 Dungeon Crawl Stone Soup version 0.28-a0-1555-g9ae15a6949 (webtiles) character file.

Game seed: 15404785543086515856

38 HallandMoats the Skirmisher (level 3, -2/31 HPs)
             Began as a Ghoul Monk on Jan 19, 2022.
             Was an Initiate of Yredelemnul.
             Slain by a hobgoblin (3 damage)
             ... on level 2 of the Dungeon.
             The game lasted 00:01:33 (1428 turns).

HallandMoats the Skirmisher (Ghoul Monk)            Turns: 1428, Time: 00:01:33

Health: -2/31      AC:  5    Str: 16    XL:     3   Next: 43%
Magic:  2/2        EV: 11    Int:  5    God:    Yredelemnul [......]
Gold:   130        SH:  0    Dex: 11    Spells: 2/2 levels left

rFire   . . .      SeeInvis .   a - +0 hand axe
rCold   + . .      Faith    .   (no shield)
rNeg    + + +      Spirit   .   f - +0 ring mail
rPois   ∞          Reflect  .   (no helmet)
rElec   .          Harm     .   (no cloak)
rCorr   .          Rampage  .   (no gloves)
Will    .....                   (no boots)
Stlth   +.........              (no amulet)
HPRegen 0.00/turn               (no ring)
MPRegen 0.08/turn               (no ring)

@: inhibited regen
A: claws 1, cold resistance 1, negative energy resistance 3, inhibited
regeneration, torment resistance 2
a: Renounce Religion, Recall Undead Harvest


You were on level 2 of the Dungeon.
You worshipped Yredelemnul.
Yredelemnul was noncommittal.
You visited 1 branch of the dungeon, and saw 2 of its levels.

You collected 130 gold pieces.

Inventory:

Hand Weapons
 a - a +0 hand axe (weapon)
Armour
 f - a +0 ring mail (worn)
Jewellery
 h - a ring of flight
Scrolls
 b - a scroll of immolation {unknown}
 c - 2 scrolls of vulnerability {unknown}
 e - a scroll of identify {unknown}
Potions
 d - a potion of might {unknown}
 g - a potion of lignification {unknown}


   Skills:
 + Level 3.6 Fighting
 * Level 3.3 Axes
 + Level 0.9 Armour
 + Level 3.0 Dodging
 - Level 2.1 Stealth


You had 2 spell levels left.
You didn't know any spells.
Your spell library was empty.

Dungeon Overview and Level Annotations

Branches:
Dungeon (2/15)

Altars:
Yredelemnul

Shops:
D:1 *


Innate Abilities, Weirdness & Mutations

You thrive by killing the living.
You are immune to poison.
You have sharp fingernails.
Your flesh is cold resistant. (rC+)
You are immune to negative energy. (rN+++)
You do not regenerate when monsters are visible.
You are immune to unholy pain and torment.


Message History

The frilled lizard bites you but does no damage.
The hobgoblin hits you but does no damage.
The frilled lizard misses you. The hobgoblin closely misses you.
The frilled lizard closely misses you.
The hobgoblin hits you but does no damage.
The frilled lizard closely misses you. The hobgoblin closely misses you.
The frilled lizard barely misses you. The hobgoblin barely misses you.
The frilled lizard misses you.
The hobgoblin hits you but does no damage.
The frilled lizard bites you but does no damage.
The hobgoblin closely misses you. The frilled lizard barely misses you.
The hobgoblin hits you but does no damage.
The frilled lizard bites you but does no damage.
The hobgoblin hits you.
* * * LOW HITPOINT WARNING * * *
The frilled lizard bites you but does no damage.
The hobgoblin hits you but does no damage.
The frilled lizard bites you but does no damage.
The hobgoblin closely misses you. The frilled lizard bites you.
* * * LOW HITPOINT WARNING * * *
The hobgoblin closely misses you. The frilled lizard closely misses you.
The hobgoblin hits you.
* * * LOW HITPOINT WARNING * * *
The frilled lizard bites you but does no damage.
The hobgoblin closely misses you.
The frilled lizard bites you but does no damage.
The hobgoblin barely misses you.
The frilled lizard bites you but does no damage.
The hobgoblin hits you.
* * * LOW HITPOINT WARNING * * *
The frilled lizard barely misses you. The hobgoblin hits you.
* * * LOW HITPOINT WARNING * * *
The frilled lizard bites you.
* * * LOW HITPOINT WARNING * * *
The hobgoblin barely misses you.
The frilled lizard bites you but does no damage.
The hobgoblin hits you.
You die...
Yredelemnul claims you as an undead slave.

#######.. #........
#........ #........
##......... #.
##..........
#..##..gl......
####....#@.......
.....##...####..#
........##### .##
......#.....###..#####
..... #####...<......#
.>.. ##.........# ...
##........# .#
#........# .........#


You could see a hobgoblin and a frilled lizard.

Vanquished Creatures
  3 dart slugs (D:1)
  6 bats (D:1)
  2 endoplasms (D:1)
  2 giant cockroaches (D:1)
  2 goblins (D:1)
  2 hobgoblins (D:1)
  3 jackals (D:1)
  A quokka (D:1)
  3 ball pythons (D:1)
  3 kobolds (D:1)
  2 rats (D:1)
29 creatures vanquished.

Vanquished Creatures (others)
  4 plants (D:1)
  5 toadstools (D:1)
9 creatures vanquished.

Grand Total: 38 creatures vanquished

Notes
Turn   | Place    | Note
-------+----------+-------------------------------------------
     0 | D:1      | HallandMoats the Ghoul Monk began the quest for the Orb.
     0 | D:1      | Reached XP level 1. HP: 19/19 MP: 0/0
   194 | D:1      | Reached XP level 2. HP: 26/26 MP: 1/1
   726 | D:1      | Reached XP level 3. HP: 31/31 MP: 2/2
   743 | D:1      | Found Erchau's Assorted Antiques.
  1108 | D:1      | Found a faded altar of an unknown god.
  1174 | D:1      | Prayed at the altar of an unknown god.
  1174 | D:1      | Became a worshipper of Yredelemnul the Dark
  1174 | D:1      | Reached * piety under Yredelemnul
  1426 | D:2      | HP: 1/31 [frilled lizard (1)]
  1428 | D:2      | Slain by a hobgoblin

Illustrated notes

Levels and vault maps discovered:
D:1:      minmay_arrival_pointy, layout_basic, serial_shops, shop,
          dilly_ecumenical_altar_fadedgnrine, minmay_gold_behind_fungi,
          st_stairs_6
D:2:      layout_rooms

Skill      XL: |  1  2  3 |
---------------+----------+-----
Axes           | 3 |  3.3
Dodging        | 3 |  3.0
Fighting       | |  3.6
Armour         | |  0.9
Stealth        | |  2.1

Action                   || total
-------------------------++-------
Melee: Hand axe          ||    80
       Punch             ||     1
 Stab: Sleeping          ||     1
Armor: Robe              ||    16
       Ring mail         ||    45
Dodge: Dodged            ||   140

Table legend: (Time is in decaauts)
 A = Elapsed time spent in this place.
 B = Non-inter-level travel time spent in this place.
 C = Inter-level travel time spent in this place.
 D = Time resting spent in this place.
 E = Time spent auto-exploring this place.
 F = Levels seen in this place.
 G = Mean time per level.
                   A        B        C        D        E       F      G
               +--------+--------+--------+--------+--------+-----+--------+
         Total |   1439 |   1422 |     17 |    200 |    907 |   2 |  719.5 |
       Dungeon |   1439 |   1422 |     17 |    200 |    907 |   2 |  719.5 |
               +--------+--------+--------+--------+--------+-----+--------+

Top non-repeatable levels by time:
     D:1: 1368 daAuts
     D:2: 71 daAuts
